 Dungeon Crawl Stone Soup version 0.30-a0-867-g305f33218d (webtiles) character file.

Game seed: 15101862337043171087

3362 Allyalt the Basher (level 9, -1/126 HPs)
             Began as an Armataur Berserker on Mar 10, 2023.
             Was an Elder of Trog.
             Succumbed to a water moccasin's poison
             ... on level 7 of the Dungeon.
             The game lasted 00:14:33 (7279 turns).

Allyalt the Basher (Armataur Berserker)             Turns: 7279, Time: 00:14:33

Health: -1/126     AC: 13    Str: 27    XL:     9   Next: 73%
Magic:  9/9        EV:  8    Int:  8    God:    Trog [****..]
Gold:   358        SH:  0    Dex:  9    Spells: 8/8 levels left

rFire   + . .      SeeInvis +    s - +3 flail (holy)
rCold   . . .      Faith    .    (no shield)
rNeg    . . .      Spirit   .    n - +2 scale mail
rPois   .          Reflect  .    r - +0 helmet
rElec   .          Roll     +    w - +0 cloak
rCorr   .                        b - +2 pair of gloves
Will    .....                    (no barding) Stlth
                                 (no amulet)
HPRegen 0.41/turn                y - ring of see invisible
MPRegen 0.11/turn                g - ring of protection from fire

@: berserking (expiring), lethally poisoned (-1 -> -17), very quick
A: large, rugged brown scales 3, deformed body, armoured tail, roll, long
tongue, awkward tongue
a: Renounce Religion, Berserk, Trog's Hand, Brothers in Arms


You were on level 7 of the Dungeon.
You worshipped Trog.
Trog was greatly pleased with you.
You visited 1 branch of the dungeon, and saw 7 of its levels.

You collected 358 gold pieces.

Inventory:

Hand Weapons
 s - a +3 flail of holy wrath (weapon)
 A - the +7 spear of the Eternal Void {flame, rF++ Str+2 Dex+5}
   (You found it on level 4 of the Dungeon)

   Str:       It affects your strength (+2).
   Dex:       It affects your dexterity (+5).
   rF:        It greatly protects you from fire.
Armour
 b - a +2 pair of gloves (worn)
 n - a +2 scale mail (worn)
 q - a +0 scale mail of poison resistance
 r - a +0 helmet (worn)
 w - a +0 cloak (worn)
Jewellery
 g - a ring of protection from fire (right hand)
 m - a ring of ice
 y - a ring of see invisible (left hand)
Wands
 a - a wand of charming (28)
 o - a wand of iceblast (15)
 p - a wand of mindburst (11)
 x - a wand of acid (9)
Scrolls
 c - 3 scrolls of amnesia
 e - 3 scrolls of teleportation
 h - a scroll of immolation
 i - a scroll of poison
 t - 3 scrolls of identify
 B - a scroll of enchant weapon
Potions
 d - a potion of cancellation
 f - 3 potions of curing
 j - 2 potions of invisibility
 k - 2 potions of brilliance
 l - a potion of heal wounds (quivered)
 z - a potion of ambrosia {unknown}
Miscellaneous
 u - a piece from Xom's chessboard (11/15)
 v - a piece from Xom's chessboard (11/15)


   Skills:
 + Level 7.6 Fighting
 + Level 10.2 Maces & Flails
 - Level 2.4 Armour
 - Level 1.3 Dodging
 + Level 4.4 Stealth
 + Level 0.9 Evocations


You had 8 spell levels left.
You didn't know any spells.
Your spell library contained the following spells:

 Spells                   Type           Power      Damage    Failure   Level
 Summon Small Mammal      Summ           0%         N/A       67%         1
 Call Canine Familiar     Summ           0%         N/A       96%         3
 Summon Guardian Golem    Hex/Summ       0%         N/A       96%         3


Dungeon Overview and Level Annotations

Branches:
Dungeon (7/15)             Temple (0/1) D:6

Altars:
Dithmenos
Elyvilon
Kikubaaqudgha
Okawaru
Sif Muna
Trog
Vehumet
Xom

Shops:
D:2 ?([??   D:3 [=(([


Innate Abilities, Weirdness & Mutations

You are completely covered in rugged brown scales. (AC +3, +7% HP)
Armour fits poorly on your strangely shaped body.
You have a long armoured tail.
You roll when moving toward enemies. (Rampage)
Your long tongue fully drains potion bottles. (2x potion effects)
Your tongue gives you trouble enunciating. (1.5x scroll delay)


Message History

Trog accepts your kill.
You feel very sick. The water moccasin closely misses you.
You bludgeon the howler monkey!!
You kill the howler monkey!
Trog accepts your kill.
You feel sick.
You miss the phantom.
You feel very sick.
The water moccasin bites you but does no damage.
The jelly hits you but does no damage. The phantom barely misses you.
You completely miss the phantom.
Your tail-slap misses the phantom.
You feel very sick. The water moccasin bites you.
* * * LOW HITPOINT WARNING * * *
You are lethally poisoned!
The water moccasin poisons you! The jelly barely misses you.
The phantom closely misses you.
* * * LOW HITPOINT WARNING * * *
You feel very sick. The water moccasin bites you.
* * * LOW HITPOINT WARNING * * *
You closely miss the water moccasin.
The water moccasin is moderately wounded.
* * * LOW HITPOINT WARNING * * *
You feel very sick. The phantom barely misses you.
The water moccasin bites you but does no damage.
You barely miss the water moccasin.
Your tail-slap misses the water moccasin.
The water moccasin is moderately wounded.
* * * LOW HITPOINT WARNING * * *
You feel very sick.
The water moccasin bites you but does no damage.
The jelly barely misses you. The phantom hits you.
* * * LOW HITPOINT WARNING * * *
The phantom blinks!
You blink.
You are too berserk!
You are too berserk!
You die...

# #.#.###.......# #.
#........##'#.# #..
##§....###..#.#
##...#.J§..##.#..#.#
.......)S..###.###.#
#####..)..##..#..#.# .
##......##..#..#.#
....###.W.....####†###.#
.......@.....###..#..#.#
.............#.#..#..#.#
............###.##.###
...........##..#..#..#
##...<...###...#..#..#
######### ###########


You could see a water moccasin, a phantom and a jelly.

Vanquished Creatures
  Pikel (D:4)
  Grinder (D:3)
  Sigmund (D:3)
  A vampire mosquito (D:7)
  2 steam dragons
  Edmund (D:4)
  Menkaure (D:4)
  A water moccasin (D:7)
  2 sky beasts (D:7)
  4 ice beasts
  A centaur (D:7)
  A lemure (D:4)
  A phantom (D:5)
  A kobold brigand (D:7)
  2 scorpions
  4 killer bees (D:6)
  2 howler monkeys
  3 jellies
  5 hounds
  An orc priest (D:6)
  A gnoll bouda (D:5)
  An iguana (D:6)
  Terence (D:3)
  2 sleepcaps
  Natasha (twice) (D:4)
  3 orc wizards
  5 gnolls (D:5)
  7 adders
  3 white imps
  5 ufetubi
  4 dart slugs
  11 orcs
  5 ball pythons
  6 endoplasms
  2 giant cockroaches
  3 goblins
  5 hobgoblins
  3 jackals (D:1)
  2 quokkas (D:3)
  6 bats
  4 frilled lizards
  4 kobolds
  22 rats
  2 butterflies (D:6)
145 creatures vanquished.

Vanquished Creatures (others)
  A plant (D:5)
1 creature vanquished.

Grand Total: 146 creatures vanquished

Notes
Turn   | Place    | Note
-------+----------+-------------------------------------------
     0 | D:1      | Allyalt the Armataur Berserker began the quest for the Orb.
     0 | D:1      | Reached XP level 1. HP: 19/19 MP: 1/1
   100 | D:1      | Reached XP level 2. HP: 20/27 MP: 2/2
   103 | D:1      | Reached skill level 3 in Maces & Flails
   412 | D:1      | You fall into a shaft and drop 1 floor!
   557 | D:2      | Found Dinnug's Armour Boutique.
   742 | D:2      | Found Fobol's Magic Scroll Boutique.
   774 | D:2      | Reached ** piety under Trog
   788 | D:2      | Found Sier's Magic Scroll Shoppe.
   858 | D:2      | Reached XP level 3. HP: 33/33 MP: 3/3
   867 | D:2      | Found Wiutogi's Weapon Boutique.
   939 | D:2      | Found Teoces Iddor's Magic Scroll Shop.
  1775 | D:3      | Noticed Terence
  1777 | D:3      | Noticed Sigmund
  1782 | D:3      | Killed Terence
  1783 | D:3      | Reached skill level 1 in Stealth
  1783 | D:3      | Reached XP level 4. HP: 26/40 MP: 4/4
  1789 | D:3      | Killed Sigmund
  1790 | D:3      | Reached skill level 4 in Maces & Flails
  1790 | D:3      | Reached XP level 5. HP: 11/49 MP: 5/5
  2164 | D:3      | Found Poahudopn's Jewellery Shop.
  2268 | D:3      | Found Zerirchoi's Armour Boutique.
  2419 | D:3      | Found Xuzizxy's Weapon Shop.
  2693 | D:3      | Reached XP level 6. HP: 55/55 MP: 6/6
  2697 | D:3      | Noticed Grinder
  2712 | D:3      | Killed Grinder
  2713 | D:3      | Reached skill level 5 in Maces & Flails
  2763 | D:3      | Found Miroegis's Weapon Boutique.
  2769 | D:3      | Reached *** piety under Trog
  2822 | D:3      | Found Gimm's Armour Shop.
  2997 | D:3      | Found an iron altar of Okawaru.
  3005 | D:3      | Found a shadowy altar of Dithmenos.
  3339 | D:4      | Noticed Edmund
  3351 | D:4      | Reached XP level 7. HP: 20/64 MP: 7/7
  3355 | D:4      | Killed Edmund
  3356 | D:4      | Reached skill level 6 in Maces & Flails
  3658 | D:4      | Found a white marble altar of Elyvilon.
  3696 | D:4      | Noticed a steam dragon
  3702 | D:4      | Killed a steam dragon
  3783 | D:4      | Reached skill level 5 in Fighting
  4042 | D:4      | Noticed Natasha
  4047 | D:4      | Killed Natasha
  4090 | D:4      | Noticed Pikel
  4106 | D:4      | Killed Pikel
  4107 | D:4      | Reached skill level 7 in Maces & Flails
  4107 | D:4      | Reached XP level 8. HP: 31/73 MP: 8/8
  4427 | D:4      | Noticed Menkaure
  4429 | D:4      | Killed Menkaure
  4430 | D:4      | Reached skill level 8 in Maces & Flails
  4474 | D:4      | Noticed Natasha
  4480 | D:4      | Killed Natasha
  4525 | D:4      | Identified the +7 spear of the Eternal Void {flame, rF++
                  | Str+2 Dex+5}
  4560 | D:5      | Entered Level 5 of the Dungeon
  4560 | D:5      | Found a bloodstained altar of Trog.
  5076 | D:5      | Found a shimmering blue altar of Sif Muna.
  5393 | D:5      | Found an ancient bone altar of Kikubaaqudgha.
  5889 | D:6      | Reached XP level 9. HP: 83/83 MP: 9/9
  5928 | D:6      | Found a shimmering altar of Xom.
  5976 | D:6      | Found a staircase to the Ecumenical Temple.
  5982 | D:6      | Reached skill level 9 in Maces & Flails
  6025 | D:6      | Reached **** piety under Trog
  6468 | D:6      | Found a radiant altar of Vehumet.
  7256 | D:7      | Reached skill level 10 in Maces & Flails
  7278 | D:7      | HP: 2/126 [phantom (5)]
  7279 | D:7      | Succumbed to a water moccasin's poison

Illustrated notes

Levels and vault maps discovered:
D:1:      scummos_arrival_star, layout_basic
D:2:      layout_basic, serial_shops, nicolae_lakefront_shop,
          nicolae_shop_trees, shop_scrolls, nicolae_shop_waterfront,
          nicolae_shop_hallway_stairs, minmay_tiny_reverse_x
D:3:      layout_loops_corners, amethyst_overflow_temple_binary, serial_shops,
          nicolae_shop_waterfront, nicolae_shop_hallway_plus,
          nicolae_shop_hallway_stairs, shop, nicolae_shop_advertising_works
          [nicolae_subvault_shop_adworks], minmay_rat_hole, uniq_grinder,
          uniq_terence, uniq_sigmund
D:4:      layout_gridville, elyvilon_altar_1, uniq_edmund, uniq_pikel,
          uniq_natasha, uniq_menkaure
D:5:      layout_loops_corners, led_sif_book, kiku_gazebo_pond_becter,
          amcnicky_altar_gilded, serial_bayou_ford_a
D:6:      layout_basic, nicolae_vehumet_altar_sigil, xom_butterflies,
          minmay_temple_entry_waves, nicolae_kite_square_tiling_tiny,
          hellmonk_bongcloud_opening
D:7:      minmay_s_stair_smasher, layout_basic, nicolae_ru_path_of_blood,
          mainiacjoe_overflow_tiny_flanked, worldfamousw_hep_ancestral_shrine,
          minmay_door_square

Skill      XL: |  1  2  3  4  5  6  7  8  9 |
---------------+----------------------------+-----
Fighting       | 3 4 5 6 7 |  7.6
Maces & Flails | 3 4 5 7 8 10 | 10.2
Stealth        | 1 2 3 4 |  4.4
Armour         | |  2.4
Dodging        | |  1.3
Evocations     | |  0.9

Action                     |  1- 3 |  4- 6 |  7- 9 || total
---------------------------+-------+-------+-------++-------
  Melee: Mace              |    66 |    90 |     5 ||   161
         Punch             |     1 |       |     1 ||     2
         Tailslap          |     7 |    10 |    27 ||    44
         Flail             |       |       |   252 ||   252
 Invoke: Berserk           |     1 |     1 |     4 ||     6
  Evoke: Piece from Xom's  |       |       |     5 ||     5
    Use: Scroll            |    10 |     6 |     1 ||    17
         Potion            |     6 |     1 |     2 ||     9
   Stab: Sleeping          |     1 |       |       ||     1
         Petrified         |       |       |     2 ||     2
         Petrifying        |       |       |     1 ||     1
         Paralysed         |       |       |     1 ||     1
 Armour: Animal skin       |    46 |       |       ||    46
         Scale mail        |       |    44 |   215 ||   259
  Dodge: Dodged            |    60 |    38 |   150 ||   248

Table legend: (Time is in decaauts)
 A = Elapsed time spent in this place.
 B = Non-inter-level travel time spent in this place.
 C = Inter-level travel time spent in this place.
 D = Time resting spent in this place.
 E = Time spent auto-exploring this place.
 F = Levels seen in this place.
 G = Mean time per level.
                   A        B        C        D        E       F      G
               +--------+--------+--------+--------+--------+-----+--------+
         Total |   7310 |   6896 |    414 |   1448 |   4160 |   7 | 1044.3 |
       Dungeon |   7310 |   6896 |    414 |   1448 |   4160 |   7 | 1044.3 |
               +--------+--------+--------+--------+--------+-----+--------+

Top non-repeatable levels by time:
     D:4: 1565 daAuts
     D:3: 1418 daAuts
     D:5: 1276 daAuts
     D:6: 1058 daAuts
     D:1: 912 daAuts
     D:2: 875 daAuts
     D:7: 204 daAuts
